AoeStats
← MeLoveXbox

Arabia

509223930Analyzed
1v1 RM · 7d ago on Sep 26, 2026· 46m 21s· 2 players
Game mode
Random Map
Map size
Tiny (2 player)
Population
200
Speed
Normal
Resources
Standard
Victory
Conquest
Starting age
Dark Age
Ending age
Imperial Age
RankedLock teamsTeams togetherTeam positionsShared explorationLock speedFull tech treeHidden civsTurbo modeCheats
Victory
Defeat
🇺🇸 Romans · United States
2170
+18
🇧🇷 Magyars · Brazil
2222
-18
MeLoveXbox
7:03 Loom
9:19 Feudal Age
9:50 Double-Bit Axe
9:30 Man-at-Arms
11:14 Horse Collar
14:48 Wheelbarrow
14:51 Scale Mail Armor
20:28 Castle Age
18:52 Forging
21:36 Chain Mail Armor
21:25 Squires
20:49 Long Swordsman
22:39 Bow Saw
25:09 Ballistics
28:21 Iron Casting
30:20 Fletching
32:01 Bodkin Arrow
32:07 Padded Archer Armor
32:05 Town Watch
32:27 Elite Skirmisher
34:07 Leather Archer Armor
38:09 Imperial Age
36:37 Stone Mining
36:38 Gold Mining
36:57 Scale Barding Armor
37:13 Hand Cart
38:15 Husbandry
38:26 Bloodlines
38:45 Heavy Plow
39:19 Chain Barding Armor
39:33 Masonry
39:48 Conscription
41:20 Blast Furnace
40:57 Plate Barding Armor
42:42 Blast Furnace
42:42 Comitatenses
42:39 Elite Centurion
45:23 Gold Shaft Mining
46:03 Guilds
Formiga Preta
6:38 Loom
8:55 Feudal Age
13:26 Double-Bit Axe
17:03 Fletching
21:39 Castle Age
19:59 Gold Mining
20:21 Horse Collar
21:45 Crossbowman
22:21 Bodkin Arrow
22:58 Bow Saw
23:22 Husbandry
24:29 Bloodlines
26:19 Wheelbarrow
26:58 Padded Archer Armor
35:26 Scale Barding Armor
40:28 Imperial Age
38:13 Corvinian Army
39:27 Heavy Plow
41:20 Bracer
42:35 Thumb Ring
42:51 Chain Barding Armor
45:42 Ballistics
46:23 Chemistry
46:20 Scale Mail Armor
Connection lost

Rejoining the realm…

Still unreachable

The connection could not be restored.

Session expired

The server has moved on; the page needs a fresh start.